 Dungeon Crawl Stone Soup version 0.17-a0-2069-g0f4ee5b (webtiles) character file.

26061 Shim the Infuser (level 12, -6/74 HPs)
             Began as a High Elf Skald on Oct 13, 2015.
             Was a High Priest of Okawaru.
             Mangled by a seven-headed hydra (14 damage)
             ... on level 4 of the Lair of Beasts.
             The game lasted 02:42:00 (24834 turns).

Shim the Infuser (High Elf Skald)                  Turns: 24834, Time: 02:42:00

Health: -6/74      AC: 15    Str: 11    XL:     12   Next: 95%
Magic:  21/27      EV: 23    Int: 27    God:    Okawaru [*****.]
Gold:   840        SH:  5    Dex: 17    Spells: 5 memorised, 20 levels left

rFire  . . .     SeeInvis .     b - +6 dagger (flame)
rCold  . . .     Clarity  .     y - +2 leather armour {MR+}
rNeg   . . .     SustAt   .     L - +0 buckler
rPois  .         Gourm    .     m - +0 helmet
rElec  +         Spirit   .     B - +0 cloak
rCorr  .         Warding  .     W - +2 pair of gloves "Sausk" {Int+7}
rMut   .         Stasis   .     v - +0 pair of boots
MR     ++...                    R - amulet of the Air {Inacc +Fly rElec EV+5 RMsl}
Stlth  ++++++....               g - +3 ring of protection
                                u - ring of stealth

@: studying Fighting, repel missiles, very resistant to hostile enchantments,
very stealthy
A: blink, clever 1, clumsy 1, frail 1
a: Blink, Heroism, Finesse, Renounce Religion, Evoke Flight


You were on level 4 of the Lair of Beasts.
You worshipped Okawaru.
Okawaru was extremely pleased with you.
You were not hungry.

You visited 3 branches of the dungeon, and saw 15 of its levels.
You also visited: Bailey.

You collected 888 gold pieces.
You spent 48 gold pieces at shops.

Inventory:

Hand Weapons
 b - a +6 dagger of flaming (weapon)
 f - a +4 dagger
 H - a +0 shortbow
Missiles
 Q - 83 arrows
Armour
 m - a +0 helmet (worn)
 v - a +0 pair of boots (worn)
 y - a +2 leather armour of magic resistance (worn)
 B - a +0 cloak (worn)
 L - a +0 buckler (worn)
 W - the +2 pair of gloves "Sausk" (worn) {Int+7}
   (You found it on level 1 of the Swamp)

   It affects your intelligence (+7).
Jewellery
 a - the amulet of Iqueqear {Stasis Int+4 Stlth+}
   (You found it on level 1 of the Swamp)

   [amulet of stasis]

   It prevents you from being teleported, slowed, hasted or paralysed.
   It affects your intelligence (+4).
   It makes you more stealthy.
 g - a +3 ring of protection (right hand)
 u - a ring of stealth (left hand)
 C - an uncursed ring of protection from cold
 K - an uncursed ring of protection from fire
 P - an uncursed ring of wizardry
 R - the amulet of the Air (around neck) {Inacc +Fly rElec EV+5 RMsl}
   (You found it on level 7 of the Dungeon)

   [amulet of inaccuracy]

   It reduces the accuracy of all your attacks.
   It affects your evasion (+5).
   It insulates you from electricity.
   It lets you fly.
   It protects you from missiles.
Wands
 z - a wand of digging (7)
 D - a wand of fire (8)
Scrolls
 j - a scroll of amnesia
 s - 4 scrolls of remove curse
 t - 2 scrolls of magic mapping
 x - a scroll of identify
 E - a scroll of teleportation
 J - a scroll of recharging {unknown}
 N - a scroll of enchant weapon
 V - a scroll of fog {unknown}
Potions
 e - 2 potions of ambrosia
 h - a potion of degeneration {unknown}
 k - 5 potions of might
 p - 2 potions of cancellation {unknown}
 r - 3 potions of curing
 w - a potion of resistance {unknown}
 F - a potion of haste
 I - a potion of flight {unknown}
 M - a potion of invisibility
 S - 5 potions of agility
 U - a potion of brilliance {unknown}
Books
 q - a manual of Fighting
 A - a book of Fire

   Spells                             Type                      Level
   a - Ignite Poison                  Fire/Transmutation/Poison    3
   b - Fireball                       Conjuration/Fire             5
   c - Bolt of Fire                   Conjuration/Fire             6
   d - Delayed Fireball               Conjuration/Fire             7
   e - Ring of Flames                 Charms/Fire                  7
 G - a book of Summonings

   Spells                             Type                      Level
   a - Recall                         Summoning/Translocation      3
   b - Aura of Abjuration             Summoning                    5
   c - Shadow Creatures               Summoning                    5
   d - Summon Demon                   Summoning                    5
   e - Summon Forest                  Summoning/Translocation      5
   f - Summon Mana Viper              Hexes/Summoning              5
Miscellaneous
 c - an ornate deck of escape {Swap}
 o - a box of beasts
 Z - a legendary deck of wonders {drawn: 1}
Comestibles
 d - 4 bread rations
 i - 10 fruits
 l - 2 royal jellies
 n - 4 slices of pizza
 O - 3 beef jerkies
 X - a meat ration


   Skills:
 + Level 8.2 Fighting
 + Level 6.2 Short Blades
   Level 0.2 Polearms
 + Level 2.0 Bows
   Level 0.8 Crossbows
 + Level 1.4 Throwing
 + Level 4.2 Armour
 + Level 9.8 Dodging
 * Level 10.0 Stealth
 + Level 4.7 Shields
 + Level 10.4 Spellcasting
 + Level 4.3 Hexes
 + Level 11.3 Charms
 + Level 1.6 Necromancy
 + Level 5.7 Translocations
 + Level 0.7 Invocations


You had 20 spell levels left.
You knew the following spells:

 Your Spells              Type           Power        Failure   Level  Hunger
a - Infusion              Chrm           ######       1%          1    None
b - Regeneration          Chrm/Necr      #####.....   1%          3    None
c - Shroud of Golubria    Chrm/Tloc      ######....   1%          2    None
d - Song of Slaying       Chrm           ######..     1%          2    None
e - Spectral Weapon       Hex/Chrm       ######..     1%          3    None


Dungeon Overview and Level Annotations

Branches:
Dungeon (10/15)            Temple (0/1) D:7            Lair (4/8) D:9
  Swamp (1/4) Lair:4       Spider (0/4) Lair:4          Orc (0/4) D:9

Altars:
Cheibriados
Dithmenos
Fedhas
Kikubaaqudgha
Makhleb
Okawaru
Qazlal
Ru
Vehumet
Xom
Yredelemnul

Shops:
D:10 !

Annotations:
Lair:1 Fannar


Innate Abilities, Weirdness & Mutations

You can translocate small distances at will.
Your mind is acute. (Int +2)
You are clumsy. (Dex -2)
You are frail (-10% HP).


Message History

Your spectral weapon burns the seven-headed hydra.
The seven-headed hydra completely misses you.
The seven-headed hydra bites you!
Your shroud falls apart!
The seven-headed hydra completely misses you.
You block the seven-headed hydra's attack. x2
The seven-headed hydra bites you!
The seven-headed hydra bites you but does no damage.
Casting: Shroud of Golubria
Confirm with . or Enter, or press ? or * to list all spells.
Space distorts slightly along a thin shroud covering your body.
The seven-headed hydra bites you!
Your shroud falls apart!
The seven-headed hydra bites you!
* * * LOW HITPOINT WARNING * * *
You block the seven-headed hydra's attack.
The seven-headed hydra bites you!
* * * LOW HITPOINT WARNING * * *
The seven-headed hydra bites you!
You die...

###.#### ......rr...
P......###............
#........+...........##
####.......##............#
.#.#.....+ #...........#
.........# #..........(#
.###.....## #...........#
## #......# #....D......#
#......# #...@(......#
##..'P.# ###...##.####
###.### ###.....### ###.##
#.......# #....#
##.......# ##
##..#########........#
.###.>.....P............#
...P.......P.#..........#
#..........P#.##........#


You could see a seven-headed hydra.

Vanquished Creatures
  4 hydras
  An alligator (Swamp:1)
  An ugly thing (D:8)
  A griffon (Lair:4)
  An orc knight (Bailey)
  2 hill giants (D:10)
  3 black mambas
  6 spiny frogs
  A fire drake (D:9)
  2 trolls (D:9)
  A two-headed ogre (D:8)
  4 slime creatures (Swamp:1)
  A bog body (Swamp:1)
  A wraith (D:9)
  14 blink frogs
  A spriggan (Lair:2)
  11 yaks
  2 shadows (Swamp:1)
  2 hungry ghosts
  3 wyverns
  A basilisk (Lair:4)
  A hippogriff (Lair:1)
  A swamp worm (Swamp:1)
  Menkaure (D:5)
  4 vampire mosquitoes (Swamp:1)
  2 wargs (D:9)
  2 water moccasins
  6 wolves (Lair:4)
  A mottled dragon (D:10)
  A porcupine (Lair:2)
  A sky beast (D:10)
  2 wasps (Swamp:1)
  2 ice beasts
  8 spiders (Lair:4)
  3 centaurs
  2 ogres
  13 orc warriors
  5 crocodiles
  3 big kobolds
  A gnoll sergeant (D:4)
  10 giant frogs
  6 scorpions
  9 wights
  An electric eel (Lair:3)
  3 crimson imps
  4 killer bees (D:7)
  A giant frog zombie (D:9)
  2 gnoll shamans
  4 centaur skeletons
  2 jellies
  A quasit (D:7)
  6 orc priests
  2 orc wizards
  5 iguanas
  4 hounds
  A giant frog skeleton (D:6)
  6 hell rats
  8 worker ants
  13 sheep (Lair:2)
  A hound skeleton (D:10)
  A hound zombie (D:9)
  32 river rats
  34 gnolls
  17 adders
  A shadow imp (D:6)
  An ooze (D:2)
  3 adder skeletons
  2 adder zombies
  3 worms
  7 giant geckos
  44 orcs
  2 ball pythons (D:3)
  8 bats
  7 giant cockroaches
  45 goblins
  33 hobgoblins
  36 jackals
  18 kobolds
  5 quokkas
  A giant cockroach zombie (D:6)
  2 giant gecko skeletons
  6 giant newts
  2 gnoll zombies (D:5)
  A jackal skeleton (D:5)
  A quokka skeleton (D:8)
  21 rats
  9 plants (Lair:2)
553 creatures vanquished.

Vanquished Creatures (others)
  7 fungi
  2 plants (Lair:2)
  39 spectral weapons
48 creatures vanquished.

Grand Total: 601 creatures vanquished

Notes
Turn   | Place    | Note
--------------------------------------------------------------
     0 | D:1      | Shim the High Elf Skald began the quest for the Orb.
     0 | D:1      | Reached XP level 1. HP: 14/14 MP: 4/4
   130 | D:1      | Reached skill level 1 in Armour
   616 | D:1      | Reached XP level 2. HP: 13/20 MP: 6/6
  1507 | D:1      | Reached XP level 3. HP: 25/25 MP: 4/7
  1850 | D:2      | Reached skill level 4 in Charms
  1857 | D:2      | Learned a level 3 spell: Regeneration
  1860 | D:2      | Learned a level 2 spell: Shroud of Golubria
  2341 | D:2      | Found a sacrificial altar of Ru.
  2525 | D:2      | Reached XP level 4. HP: 15/30 MP: 2/9
  2724 | D:2      | Learned a level 2 spell: Song of Slaying
  2745 | D:2      | Reached skill level 1 in Stealth
  2906 | D:3      | Found a stormy altar of Qazlal.
  3818 | D:3      | Reached XP level 5. HP: 33/35 MP: 3/10
  3967 | D:3      | Reached skill level 1 in Translocations
  4640 | D:3      | Noticed a big kobold
  4685 | D:3      | Killed a big kobold
  4685 | D:3      | Reached XP level 6. HP: 41/41 MP: 7/12
  4750 | D:3      | Learned a level 3 spell: Spectral Weapon
  4755 | D:3      | Noticed a big kobold
  4790 | D:3      | Killed a big kobold
  4790 | D:3      | Reached skill level 5 in Charms
  5600 | D:4      | Reached XP level 7. HP: 13/45 MP: 2/14
  6330 | D:4      | Reached skill level 1 in Hexes
  7011 | D:4      | Reached XP level 8. HP: 46/52 MP: 11/16
  7170 | D:4      | Found a burning altar of Makhleb.
  7170 | D:4      | Found an iron altar of Okawaru.
  7183 | D:4      | Became a worshipper of Warmaster Okawaru
  7215 | D:4      | Reached skill level 6 in Charms
  7922 | D:5      | Entered Level 5 of the Dungeon
  8189 | D:5      | Noticed Menkaure
  8225 | D:5      | Killed Menkaure
  8225 | D:5      | Reached skill level 5 in Spellcasting
  8673 | D:5      | Reached skill level 5 in Stealth
  9054 | D:5      | Found a basalt altar of Yredelemnul.
  9587 | D:6      | Reached * piety under Okawaru
  9700 | D:6      | Found a blossoming altar of Fedhas.
  9988 | D:7      | Found a snail-covered altar of Cheibriados.
 10035 | D:7      | Reached XP level 9. HP: 57/57 MP: 14/19
 10220 | D:7      | Found a flagged portal.
 10275 | Bailey   | Entered a bailey
 10351 | Bailey   | Reached skill level 5 in Dodging
 10351 | Bailey   | Reached skill level 1 in Shields
 10351 | Bailey   | Reached skill level 7 in Charms
 10412 | Bailey   | Reached skill level 1 in Bows
 11093 | Bailey   | Reached ** piety under Okawaru
 11111 | Bailey   | Noticed an orc knight
 11254 | Bailey   | Killed an orc knight
 11254 | Bailey   | Reached skill level 8 in Charms
 12118 | D:7      | Reached *** piety under Okawaru
 12118 | D:7      | Reached XP level 10. HP: 63/63 MP: 14/21
 12496 | D:7      | Found a staircase to the Ecumenical Temple.
 13506 | D:8      | Reached skill level 5 in Fighting
 13685 | D:8      | Found a radiant altar of Vehumet.
 14230 | D:8      | Found a shimmering altar of Xom.
 14242 | D:8      | Found a shadowy altar of Dithmenos.
 14267 | D:8      | Found an ancient bone altar of Kikubaaqudgha.
 14419 | D:9      | Found a staircase to the Lair.
 14444 | D:9      | Reached skill level 1 in Necromancy
 14651 | D:9      | Noticed a cyan ugly thing
 14685 | D:10     | Entered Level 10 of the Dungeon
 14685 | D:10     | Noticed a hill giant
 14703 | D:10     | Killed a hill giant
 14703 | D:10     | Reached **** piety under Okawaru
 14703 | D:10     | Reached skill level 1 in Throwing
 14703 | D:10     | Reached skill level 9 in Charms
 14743 | D:10     | Reached skill level 5 in Short Blades
 14786 | D:10     | Noticed a hill giant
 14798 | D:10     | Killed a hill giant
 15024 | D:10     | Found Wuryemuh's Distillery.
 15063 | D:10     | Bought a potion of curing for 48 gold pieces
 16467 | D:9      | Reached XP level 11. HP: 43/74 MP: 12/24
 16937 | D:9      | Reached ***** piety under Okawaru
 17305 | D:8      | Killed a cyan ugly thing
 17309 | D:8      | Gained mutation: Your mind is acute. (Int +2) [mutagenic meat]
 17310 | D:8      | Gained mutation: You are frail (-10% HP). [mutagenic meat]
 17311 | D:8      | Gained mutation: You are clumsy. (Dex -2) [mutagenic meat]
 17312 | D:8      | Gained mutation: You can translocate small distances at will. [mutagenic meat]
 17486 | D:9      | Found a staircase to the Orcish Mines.
 17513 | Lair:1   | Entered Level 1 of the Lair of Beasts
 18557 | Lair:1   | Noticed Fannar
 18934 | Lair:2   | Received a gift from Okawaru
 19350 | Lair:2   | HP: 3/67 [black mamba (18)]
 19352 | Lair:2   | HP: 1/67 [black mamba (3)]
 19714 | Lair:2   | Reached skill level 10 in Charms
 20628 | Lair:3   | Reached skill level 5 in Translocations
 20743 | Lair:3   | Got a bloodstained war axe
 20756 | Lair:3   | Identified the +7 war axe "Gougap" {drain, Str+3} (You found it on level 3 of the Lair of Beasts)
 20921 | Lair:3   | Noticed a six-headed hydra
 21128 | Lair:3   | Killed a six-headed hydra
 21547 | Lair:4   | Reached XP level 12. HP: 38/73 MP: 16/26
 21890 | Lair:4   | Found a staircase to the Swamp.
 21909 | Swamp:1  | Entered Level 1 of the Swamp
 22030 | Swamp:1  | Noticed an eight-headed hydra
 22037 | Swamp:1  | Killed an eight-headed hydra
 22044 | Swamp:1  | Got a pair of faintly humming gloves
 22055 | Swamp:1  | Identified the +2 pair of gloves "Sausk" {Int+7} (You found it on level 1 of the Swamp)
 22068 | Swamp:1  | Received a gift from Okawaru
 22068 | Swamp:1  | Reached skill level 10 in Spellcasting
 22879 | Swamp:1  | Got a dazzling ring mail
 22890 | Swamp:1  | Identified the cursed +0 ring mail of Makhleb's Displeasure {Int+2} (You found it on level 1 of the Swamp)
 22926 | Swamp:1  | Got a transparent bone amulet
 22928 | Swamp:1  | Identified the amulet of Iqueqear {Stasis Int+4 Stlth+} (You found it on level 1 of the Swamp)
 23155 | Swamp:1  | Reached skill level 11 in Charms
 23163 | Swamp:1  | Noticed a seven-headed hydra
 23176 | Swamp:1  | Killed a seven-headed hydra
 23176 | Swamp:1  | Reached ****** piety under Okawaru
 23531 | Lair:4   | Found a hole to the Spider Nest.
 23757 | Lair:4   | Noticed a four-headed hydra
 23775 | Lair:4   | Killed a four-headed hydra
 24365 | Lair:4   | Reached skill level 10 in Stealth
 24823 | Lair:4   | Noticed a seven-headed hydra
 24834 | Lair:4   | Mangled by a seven-headed hydra

Vault maps used:
D:1:      dpeg_arrival_erosion
D:2:      nicolae_ru_awakened_eye, minmay_box_of_dots
D:3:      minmay_goblin_kobold_castle, grunt_qazlal_sundering
D:4:      lemuel_castle_with_subvaults, gammafunk_temple_overflow_wave,
          first_bread
D:5:      lemuel_zombie_altar_yredelemnul, uniq_menkaure
D:6:      lemuel_tele_altar
D:7:      cheibriados_altar_1, minmay_temple_entry_enclosed_plants,
          enter_bailey_3
D:8:      nicolae_overflow_quartered_altars
D:9:      minmay_lair_entry_lava, minmay_orc_entry_guard_dogs
D:10:     serial_shops, shop
Lair:1:   lemuel_ratsnest, lemuel_fruit_fields, uniq_fannar
Lair:2:   wad_woods_03
Lair:3:   infiniplex_staircase_pool
Lair:4:   minmay_swamp_entry_worms, spider_nest_entry_a
Swamp:1:  evilmike_swamp_ruin_house_6
Bailey:   bailey_polearm_2, bailey

Action                   |  1- 3 |  4- 6 |  7- 9 | 10-12 || total
-------------------------+-------+-------+-------+-------++-------
Melee: Short sword       |   198 |   171 |       |       ||   369
       Dagger            |       |   223 |   802 |  1759 ||  2784
       Halberd           |       |     3 |     7 |       ||    10
 Fire: Shortbow          |       |       |    49 |    18 ||    67
       Arbalest          |       |       |    17 |       ||    17
Throw: Throwing net      |       |       |     2 |     2 ||     4
       Tomahawk          |       |       |     3 |    25 ||    28
 Cast: Infusion          |    12 |     5 |     1 |       ||    18
       Shroud of Golubri |     7 |    44 |    67 |   115 ||   233
       Regeneration      |     2 |     7 |    12 |    44 ||    65
       Song of Slaying   |       |    18 |    32 |    43 ||    93
       Spectral Weapon   |       |     8 |    68 |   126 ||   202
Invok: Heroism           |       |       |     1 |     3 ||     4
 Abil: Blink             |       |       |       |     3 ||     3
       Evoke Flight      |       |       |       |     3 ||     3
Evoke: Wand              |       |       |       |     2 ||     2
       Deck              |       |       |       |     1 ||     1
  Use: Scroll            |     5 |     2 |     9 |    20 ||    36
       Potion            |       |       |     4 |     6 ||    10
 Stab: Sleeping          |     2 |       |     4 |    16 ||    22
       Distracted        |       |       |     7 |    23 ||    30
  Eat: Chunk             |     5 |    16 |    28 |    24 ||    73
       Bread ration      |       |       |     1 |     3 ||     4
       Meat ration       |       |       |     1 |     3 ||     4
